 Dungeon Crawl Stone Soup version 0.27-a0-1299-g1ab19c6527 (webtiles) character file.

Game seed: 13268724158171375858

6031 mordus the Grappler (level 10, -9/88 HPs)
             Began as a Troll Monk on June 16, 2021.
             Splashed by an acid dragon's acid (13 damage)
             ... on level 9 of the Dungeon.
             The game lasted 00:12:59 (6315 turns).

mordus the Grappler (Troll Monk)                    Turns: 6315, Time: 00:13:00

Health: -9/88      AC: -1    Str: 22    XL:     10   Next: 56%
Magic:  9/9        EV: 10    Int:  1    God:
Gold:   257        SH:  0    Dex: 14    Spells: 9/9 levels left

rFire    + . .     SeeInvis .     - Unarmed
rCold    . . .     Faith    .   (no shield)
rNeg     . . .     Spirit   .   u - +1 robe "Aqirya" {rElec Regen+ Int-5}
rPois    +         Reflect  .   (helmet restricted)
rElec    +         Harm     .   y - +1 cloak
rCorr    .         Rampage  .   (gloves unavailable)
Will     .....                  (boots unavailable)
Stlth    ++........             (no amulet)
HPRegen  2.24/turn              s - ring of poison resistance
MPRegen  0.11/turn              A - ring of protection from fire

@: lethally poisoned (-9 -> -9), corroded, studying Evocations
A: large, unfitting armour, claws 3, regeneration 1, shaggy fur 1, tough skin 1
a: no special abilities


You were on level 9 of the Dungeon.
You visited 1 branch of the dungeon, and saw 9 of its levels.

You collected 527 gold pieces.
You spent 270 gold pieces at shops.

Inventory:

Hand Weapons
 t - the +6 mace of the Blind Eye {elec, Will+}
   (You found it on level 6 of the Dungeon)

   Occasionally, upon striking a foe, it can discharge electrical energy and
   cause terrible harm.
   It increases your willpower.
 z - a +3 quarterstaff of chaos
Missiles
 k - 5 atropa-tipped darts (quivered)
Armour
 a - a +0 robe
 u - the +1 robe "Aqirya" (worn) {rElec Regen+ Int-5}
   (You bought it in a shop on level 6 of the Dungeon)

   It affects your intelligence (-5).
   It insulates you from electricity.
   It increases your rate of health regeneration.
 y - a +1 cloak (worn)
Jewellery
 i - a +6 ring of intelligence
 n - a ring of protection from fire
 p - a ring of ice
 s - a ring of poison resistance (left claw)
 A - a ring of protection from fire (right claw)
 E - an amulet of the acrobat
 F - a +4 ring of protection
 G - a ring of positive energy
Wands
 x - a wand of flame (19)
Scrolls
 b - a scroll of immolation {unknown}
 f - 2 scrolls of summoning {unknown}
 g - 4 scrolls of noise {unknown}
 h - 10 scrolls of identify {unknown}
 l - a scroll of enchant armour {unknown}
 m - a scroll of enchant weapon {unknown}
 o - 2 scrolls of magic mapping {unknown}
 v - 2 scrolls of vulnerability {unknown}
 C - 2 scrolls of silence {unknown}
 D - a scroll of teleportation {unknown}
Potions
 c - a potion of resistance {unknown}
 d - 2 potions of ambrosia {unknown}
 e - a potion of haste {unknown}
 j - a potion of magic {unknown}
 q - a potion of might {unknown}
 r - a potion of brilliance {unknown}
 w - 3 potions of curing
 B - 3 potions of cancellation {unknown}


   Skills:
 - Level 2.4 Fighting
 - Level 5.2 Maces & Flails
 - Level 2.4 Dodging
 - Level 1.0 Stealth
 * Level 12.8 Unarmed Combat
 + Level 8.1 Evocations


You had 9 spell levels left.
You didn't know any spells.
Your spell library contained the following spells:

 Spells                   Type           Power      Damage    Failure   Level
 Beastly Appendage        Tmut           0%         N/A       56%         1
 Corona                   Hex            0%         N/A       56%         1
 Shock                    Conj/Air       0%         1d3       56%         1
 Slow                     Hex            0%         N/A       71%         2
 Static Discharge         Conj/Air       0%         N/A       71%         2
 Wereblood                Tmut           0%         N/A       71%         2
 Inner Flame              Hex/Fire       0%         N/A       91%         3
 Portal Projectile        Hex/Tloc       0%         N/A       91%         3
 Spider Form              Tmut/Pois      0%         N/A       91%         3
 Swiftness                Air            0%         N/A       91%         3
 Airstrike                Air            0%         N/A       100%        4
 Cause Fear               Hex            0%         N/A       100%        4
 Ice Form                 Ice/Tmut       0%         N/A       100%        4
 Leda's Liquefaction      Hex/Erth       0%         N/A       100%        4
 Lightning Bolt           Conj/Air       0%         1d11      100%        5


Dungeon Overview and Level Annotations

Branches:
Dungeon (9/15)             Temple (0/1) D:5             Orc (0/2) D:9
   Lair: D:8-11

Altars:
Cheibriados
Elyvilon
Gozag
Hepliaklqana
Qazlal
Ru
Xom

Shops:
D:6 [   D:7 *


Innate Abilities, Weirdness & Mutations

You are too large for most types of armour.
You have claws for hands.
Your natural rate of healing is unusually fast.
You are covered in fur. (AC +1)
You have tough skin. (AC +1)


Message History

An acid dragon comes into view.
An acid dragon is nearby!
An acid dragon is nearby!
There are monsters nearby!
A killer bee comes into view.
There are monsters nearby!
The killer bee buzzes angrily.
The yak bellows!
There are monsters nearby!
The acid dragon barely misses you. The acid dragon closely misses you.
You mangle the yak!!
The yak is severely wounded.
The yak gores you.
You barely miss the yak. You claw the yak!
You kill the yak!
The killer bee stings you. The acid dragon spits acid at you.
The splash of acid hits you! The acid corrodes you!
You are splashed with acid!
The killer bee stings you but does no damage.
You claw the yak!
The yak is moderately wounded.
The killer bee stings you.
You are poisoned.
The killer bee poisons you!
The acid dragon bites you but does no damage.
The acid dragon claws you but does no damage.
The yak gores you!
You barely miss the acid dragon.
You feel sick. The killer bee stings you. The killer bee stings you!
The yak gores you!
* * * LOW HITPOINT WARNING * * *
The acid dragon closely misses you. x2
Unknown command.
You feel sick. The killer bee stings you.
* * * LOW HITPOINT WARNING * * *
You feel sick.
The killer bee stings you but does no damage.
The acid dragon spits acid at you. The splash of acid hits you!!
* * * LOW HITPOINT WARNING * * *
The acid corrodes you!
You are splashed with acid!
You die...

.........................
..........................
.........................†
..........................
..........................
..........................
..........................
..........................
.........@..<.............
.......Y.y................
.......D.....[............
......†................(..
..........................
.................
...................
...................
#....)............


You could see a yak, an acid dragon (catching breath) and a killer bee.

Vanquished Creatures
  A two-headed ogre (D:7)
  Maurice (D:7)
  Joseph (D:7)
  Sigmund (D:2)
  8 yaks
  2 steam dragons
  3 water moccasins
  5 orc warriors
  A sky beast (D:7)
  A necrophage (D:4)
  An ogre (D:6)
  2 centaurs
  4 bullfrogs
  A scorpion (D:5)
  A water moccasin zombie (D:6)
  A water moccasin skeleton (D:5)
  4 killer bees
  4 wights
  3 howler monkeys
  2 centaur zombies
  3 orc priests
  A jelly (D:5)
  A bullfrog skeleton (D:6)
  2 centaur skeletons (D:4)
  3 hounds (D:5)
  Crazy Yiuf (D:7)
  3 iguanas (D:6)
  4 orc wizards
  Terence (D:2)
  A howler monkey zombie (D:9)
  2 gnolls
  A howler monkey skeleton (D:6)
  4 adders
  3 shadow imps
  5 worms
  A dart slug (D:1)
  25 orcs
  4 endoplasms
  4 giant cockroaches
  8 goblins
  9 hobgoblins
  6 jackals (D:3)
  5 kobolds
  3 quokkas
  4 ball pythons
  4 bats
  4 frilled lizards
  2 rats
161 creatures vanquished.

Vanquished Creatures (others)
  An orc (D:8)
1 creature vanquished.

Grand Total: 162 creatures vanquished

Notes
Turn   | Place    | Note
-------+----------+-------------------------------------------
     0 | D:1      | mordus the Troll Monk began the quest for the Orb.
     0 | D:1      | Reached XP level 1. HP: 22/22 MP: 0/0
   104 | D:1      | Reached XP level 2. HP: 23/29 MP: 1/1
   226 | D:1      | Reached skill level 4 in Unarmed Combat
   567 | D:2      | Reached XP level 3. HP: 36/36 MP: 2/2
   610 | D:2      | Noticed Sigmund
   747 | D:2      | Killed Sigmund
   748 | D:2      | Reached skill level 6 in Unarmed Combat
   748 | D:2      | Reached XP level 4. HP: 32/44 MP: 3/3
   748 | D:2      | Reached XP level 5. HP: 37/50 MP: 4/4
  1056 | D:2      | Noticed Terence
  1065 | D:2      | Killed Terence
  1412 | D:3      | Found a snail-covered altar of Cheibriados.
  1514 | D:3      | Found a stormy altar of Qazlal.
  1893 | D:4      | Found a shimmering altar of Xom.
  1893 | D:4      | Found a shimmering altar of Xom.
  1895 | D:4      | Found a shimmering altar of Xom.
  1898 | D:4      | Reached XP level 6. HP: 59/59 MP: 5/5
  1898 | D:4      | Found a shimmering altar of Xom.
  1900 | D:4      | Found a shimmering altar of Xom.
  1931 | D:4      | Reached skill level 7 in Unarmed Combat
  2104 | D:4      | Reached skill level 8 in Unarmed Combat
  2104 | D:4      | Reached XP level 7. HP: 42/66 MP: 6/6
  2109 | D:4      | Reached skill level 1 in Evocations
  2471 | D:5      | Entered Level 5 of the Dungeon
  2530 | D:5      | Found an opulent altar of Gozag.
  2722 | D:5      | Reached skill level 9 in Unarmed Combat
  2949 | D:5      | Found a staircase to the Ecumenical Temple.
  3232 | D:6      | Reached XP level 8. HP: 74/74 MP: 7/7
  3291 | D:6      | Found Beba's Armour Shop.
  3298 | D:6      | Identified the +6 mace of the Blind Eye {elec, Will+}
  3305 | D:6      | Bought the +1 robe "Aqirya" {rElec Regen+ Int-5} for 138
                  | gold pieces
  3378 | D:6      | Reached skill level 1 in Maces & Flails
  3570 | D:6      | Reached skill level 10 in Unarmed Combat
  3703 | D:6      | Found a white marble altar of Elyvilon.
  3787 | D:6      | Reached skill level 5 in Evocations
  3841 | D:6      | Reached XP level 9. HP: 68/80 MP: 8/8
  4145 | D:7      | Noticed Joseph
  4157 | D:7      | Killed Joseph
  4206 | D:7      | Found a sacrificial altar of Ru.
  4223 | D:7      | Found Gil Dosa's Elemental Accessories.
  4232 | D:7      | Noticed a two-headed ogre
  4258 | D:7      | Killed a two-headed ogre
  4259 | D:7      | Reached skill level 11 in Unarmed Combat
  4294 | D:7      | Bought a wand of flame (20) for 132 gold pieces
  4832 | D:7      | Found a runed translucent door.
  4833 | D:7      | Noticed Crazy Yiuf
  5005 | D:7      | Killed Crazy Yiuf
  5094 | D:8      | Noticed Maurice
  5721 | D:8      | Reached XP level 10. HP: 88/88 MP: 9/9
  5815 | D:8      | Reached skill level 12 in Unarmed Combat
  5920 | D:7      | Killed Maurice
  5921 | D:7      | Reached skill level 5 in Maces & Flails
  5965 | D:9      | Found a staircase to the Orcish Mines.
  6119 | D:9      | Found a hazy altar of Hepliaklqana.
  6315 | D:9      | HP: 4/88 [acid dragon/splash of acid (19)]
  6315 | D:9      | Splashed by an acid dragon's acid

Illustrated notes

Levels and vault maps discovered:
D:1:      enne_arrival_octagon_isle, layout_basic, serial_forest,
          infiniplex_forest_zigzag_1, infiniplex_forest_straight_4,
          infiniplex_forest_straight_3, infiniplex_forest_pool,
          infiniplex_forest_zigzag_1, infiniplex_forest_end_1,
          infiniplex_forest_straight_5
D:2:      layout_loops_cross, uniq_sigmund, uniq_terence
D:3:      layout_loops_cross, cheibrodos_worm_habitat,
          nicolae_qazlal_eye_of_the_storm
D:4:      layout_basic, xom_redecorated, minmay_manual_monstrance
D:5:      layout_loops_ring, grunt_gozag_breadcrumbs,
          minmay_temple_entry_purple_smoke, minmay_misc_feat_hallway
D:6:      layout_basic, general_overflow_altar, serial_shops,
          nicolae_shop_statue_plus
D:7:      layout_basic, nicolae_overflow_crystal_walls, nicolae_elemental_shop,
          uniq_crazy_yiuf_cottage, uniq_joseph
D:8:      layout_cave_pools, minmay_statues_item, minmay_strange_pillars,
          grunt_decor_mini_mirrors, amcnicky_mini_corridor_feature, uniq_maurice
D:9:      layout_basic, lemuel_doored_altar, demons_altar,
          nicolae_uskayaw_en_pointe, david_orc_2

Skill      XL: |  1  2  3  4  5  6  7  8  9 10 |
---------------+-------------------------------+-----
Unarmed Combat | 4 6 8 9 10 11 12 | 12.8
Evocations     | 3 5 6 8 |  8.1
Maces & Flails | 2 4 5 |  5.2
Fighting       | |  2.4
Dodging        | |  2.4
Stealth        | |  1.0

Action                   |  1- 3 |  4- 6 |  7- 9 | 10-12 || total
-------------------------+-------+-------+-------+-------++-------
Melee: Unarmed           |    49 |   107 |   240 |   118 ||   514
       Punch             |       |     4 |    12 |     8 ||    24
 Stab: Sleeping          |     2 |     3 |     2 |       ||     7
       Distracted        |       |       |     1 |       ||     1
Armor: Robe              |    18 |    24 |    92 |    33 ||   167
Dodge: Dodged            |    21 |    50 |    97 |    59 ||   227

Table legend: (Time is in decaauts)
 A = Elapsed time spent in this place.
 B = Non-inter-level travel time spent in this place.
 C = Inter-level travel time spent in this place.
 D = Time resting spent in this place.
 E = Time spent auto-exploring this place.
 F = Levels seen in this place.
 G = Mean time per level.
                   A        B        C        D        E       F      G
               +--------+--------+--------+--------+--------+-----+--------+
         Total |   6242 |   5957 |    285 |    124 |   4576 |   9 |  693.6 |
       Dungeon |   6242 |   5957 |    285 |    124 |   4576 |   9 |  693.6 |
               +--------+--------+--------+--------+--------+-----+--------+

Top non-repeatable levels by time:
     D:7: 1164 daAuts
     D:6: 896 daAuts
     D:5: 750 daAuts
     D:1: 667 daAuts
     D:3: 654 daAuts
     D:8: 625 daAuts
     D:4: 571 daAuts
     D:2: 565 daAuts
     D:9: 346 daAuts
